Map: Tropical Sacrifice

Players

Zoun

  • Race: Protoss Protoss
  • Spawn Location: 7:00

Reynor - Winner!

  • Race: Zerg Zerg
  • League: Master
  • Spawn Location: 1:00

Event: HomeStory Cup XXII

VOD

Have the link to the VOD?

Description

Time

  • Played on: Dec. 18, 2022, 7:44 a.m.
  • Length: 7:53

All games in this series

Show
View Real Time Build Order
Export as new Build Order

Zoun Protoss 

Build Orders: 1 Gate Expand 

Get SALT Encoding   

  12  0:00  Probe  
  13  0:12  Probe  
  14  0:20  Pylon  
  14  0:24  Probe  
  15  0:38  Probe (Chrono Boost)  
  15  0:42  Gateway  
  16  0:47  Probe (Chrono Boost)  
  17  0:52  Probe (Chrono Boost), Assimilator  
  18  1:04  Probe  
  19  1:16  Probe  
  20  1:27  Nexus  
  20  1:39  Cybernetics Core  
  20  1:41  Probe  
  21  1:49  Assimilator  
  21  1:53  Probe  
  22  1:57  Pylon  
  22  2:05  Probe  
  23  2:13  Adept (Chrono Boost)  
  23  2:18  Probe  
  23  2:20  Warp Gate  
  26  2:25  Robotics Facility  
  26  2:30  Probe (Chrono Boost)  
  26  2:35  Stalker  
  29  2:40  Probe (Chrono Boost)  
  29  2:42  Probe (Chrono Boost)  
  31  2:49  Probe (Chrono Boost)  
  31  2:50  Probe (Chrono Boost)  
  33  2:55  Probe  
  33  2:57  Probe  
  35  3:05  Adept  
  35  3:07  Probe  
  38  3:13  Probe  
  38  3:14  Observer (Chrono Boost), Robotics Bay  
  40  3:20  Gateway  
  40  3:22  Probe  
  41  3:29  Probe  
  41  3:32  Warp Prism (Chrono Boost)  
  42  3:39  Pylon  
  42  3:40  Probe  
  45  3:45  Probe  
  45  3:48  Assimilator  
  46  3:57  Probe x2  
  46  3:58  Disruptor (Chrono Boost)  
  46  4:02  Gravitic Drive  
  51  4:03  Observer  
  51  4:08  Assimilator  
  51  4:09  Probe x2  
  53  4:12  Pylon  
  53  4:19  Twilight Council  
  53  4:26  Probe  
  53  4:28  Observer, Pylon  
  53  4:30  Probe  
  55  4:33  Disruptor (Chrono Boost)  
  55  4:36  Gateway  
  55  4:38  Gateway  
  58  4:49  Blink (Chrono Boost)  
  58  4:52  Probe  
  59  4:53  Observer  
  59  4:56  Gateway  
  59  5:03  Gateway  
  59  5:05  Adept x2  
  63  5:11  Pylon  
  63  5:20  Disruptor, Gateway  
  66  5:29  Pylon  
  66  5:31  Gateway  
  66  5:39  Stalker  
  66  5:40  Stalker x3  
  74  5:46  Pylon  
  74  5:53  Disruptor (Chrono Boost)  
  77  6:01  Observer  
  77  6:02  Pylon  
  77  6:04  Stalker x2  
  77  6:05  Stalker  
  83  6:17  Nexus  
  83  6:21  Adept  
  83  6:23  Observer  
  85  6:34  Pylon  
  85  6:35  Stalker x3  
  84  6:44  Adept  
  84  6:46  Stalker x2  
  90  6:47  Shield Battery  
  90  6:55  Stalker  
  92  7:11  Stalker x4  
  92  7:12  Stalker  
  87  7:19  Stalker x2  
  81  7:30  Stalker  
Show
View Real Time Build Order
Export as new Build Order

Reynor Zerg - Winner!

Build Orders: Hatch First 

Get SALT Encoding   

  12  0:00  Drone  
  13  0:12  Overlord  
  13  0:17  Drone  
  14  0:30  Drone x2  
  16  0:36  Drone  
  17  0:53  Hatchery  
  17  0:56  Drone  
  17  1:00  Drone  
  18  1:11  Extractor  
  18  1:16  Spawning Pool  
  17  1:18  Drone  
  17  1:23  Drone  
  18  1:28  Drone  
  19  1:38  Drone  
  20  1:48  Overlord  
  20  2:03  Queen  
  20  2:04  Queen  
  20  2:05  Drone x2  
  26  2:11  Zergling x2  
  27  2:17  Zergling x2  
  27  2:21  Drone  
  29  2:26  Drone  
  29  2:29  Metabolic Boost  
  30  2:36  Drone  
  31  2:38  Hatchery  
  30  2:44  Zergling x2  
  30  2:47  Drone  
  30  2:48  Overlord  
  32  2:54  Queen  
  32  2:58  Drone  
  35  2:59  Drone  
  36  3:05  Queen  
  36  3:08  Drone  
  39  3:13  Overlord  
  39  3:14  Drone  
  39  3:16  Drone  
  39  3:18  Drone  
  42  3:20  Drone  
  42  3:22  Drone  
  44  3:33  Drone x2  
  46  3:38  Overlord  
  46  3:41  Queen  
  46  3:42  Drone  
  49  3:51  Queen, Roach Warren  
  49  3:55  Drone x3  
  53  4:01  Overlord  
  53  4:03  Zergling x6  
  53  4:06  Zergling x4  
  58  4:11  Drone x2  
  58  4:13  Drone x2  
  58  4:16  Overlord  
  62  4:24  Drone x3  
  65  4:28  Drone  
  66  4:33  Overlord, Extractor  
  66  4:34  Lair  
  66  4:35  Drone x3  
  68  4:42  Spore Crawler  
  68  4:43  Drone  
  68  4:44  Overlord  
  68  4:46  Drone x3  
  68  4:52  Queen  
  71  4:53  Spore Crawler  
  71  4:54  Extractor  
  71  4:59  Overlord  
  71  5:00  Drone  
  71  5:03  Drone x4  
  71  5:06  Roach x2  
  80  5:10  Roach x2  
  80  5:13  Roach  
  80  5:14  Roach  
  88  5:15  Overlord  
  88  5:19  Zergling x2, Roach  
  91  5:25  Overlord  
  91  5:28  Roach x3  
  97  5:39  Zergling x18  
  97  5:40  Glial Reconstitution  
  106  5:42  Overlord  
  106  5:45  Overlord  
  105  5:54  Roach x4  
  107  6:01  Drone x3  
  110  6:05  Zergling x4  
  110  6:06  Ravager x2  
  114  6:12  Zergling x10  
  114  6:17  Overlord  
  119  6:19  Roach x2  
  123  6:31  Zergling x4, Roach x3  
  123  6:32  Overlord  
  129  6:39  Overlord  
  127  6:41  Roach  
  127  6:42  Zergling x2  
  127  6:43  Queen  
  127  6:47  Roach x2, Ravager x2  
  135  6:50  Zergling x2  
  135  6:51  Zergling x4  
  140  6:57  Overlord  
  140  7:00  Zergling x4, Roach  
  144  7:02  Zergling x4  
  144  7:08  Zergling x2  
  133  7:16  Zergling x10  
  133  7:19  Drone  
  136  7:28  Drone x2  
  140  7:30  Drone  
  140  7:31  Evolution Chamber  
  140  7:34  Drone  
Tags
 
Add a new tag
Caveats
  • Supply blocks, unpowered buildings, or Contaminate may cause inaccurate times.
  • Supply counts are checked every 10 seconds.